Map: Ruins of Seras

Players

송병구의캐리어 - Winner!

  • Race: Protoss Protoss
  • League: Grandmaster

Javert

  • Race: Zerg Zerg
  • League: Gold

VOD

Have the link to the VOD?

Description

Time

  • Played on: Sept. 5, 2015, 9:03 p.m.
  • Length: 6:39
Show
View Real Time Build Order
Export as new Build Order

송병구의캐리어 Protoss - Winner!

Build Orders:  

Get SALT Encoding   

  12  0:00  Probe (Chrono Boost)  
  13  0:10  Probe (Chrono Boost)  
  14  0:20  Pylon  
  14  0:21  Probe (Chrono Boost)  
  15  0:37  Probe (Chrono Boost)  
  15  0:39  Gateway  
  16  0:43  Assimilator  
  17  0:52  Probe (Chrono Boost)  
  17  0:53  Assimilator  
  17  1:04  Probe (Chrono Boost), Pylon  
  18  1:14  Probe (Chrono Boost)  
  19  1:24  Probe (Chrono Boost)  
  20  1:34  Cybernetics Core, Probe (Chrono Boost)  
  20  1:35  Zealot  
  23  1:47  Probe (Chrono Boost)  
  24  1:58  Gateway  
  24  2:00  Gateway  
  24  2:07  Warp Gate (Chrono Boost)  
  25  2:10  Mothership Core (Chrono Boost)  
  26  2:18  Sentry  
  28  2:31  Probe  
  29  2:46  Stalker  
  31  2:59  Pylon  
  31  3:03  Pylon  
  31  3:17  Stalker  
  33  3:22  Gateway  
  33  3:24  Gateway  
  33  3:56  Probe (Chrono Boost)  
  33  3:59  Stalker x3  
  40  4:06  Probe (Chrono Boost)  
  38  4:23  Zealot x4  
  44  4:34  Zealot  
  46  4:53  Probe (Chrono Boost)  
  46  4:55  Pylon  
  46  4:56  Pylon  
  47  5:07  Pylon  
  47  5:17  Pylon  
  47  5:20  Sentry x4  
  47  5:21  Sentry  
  55  5:42  Zealot  
  55  5:44  Zealot x3  
  55  5:49  Pylon  
  55  6:07  Pylon  
  55  6:08  Zealot x5  
  63  6:20  Pylon  
  57  6:28  Stalker  
  57  6:29  Stalker  
  57  6:30  Sentry  
  57  6:31  Sentry x2  
Show
View Real Time Build Order
Export as new Build Order

Javert Zerg 

Build Orders: Hatch First 

Get SALT Encoding   

  12  0:01  Drone  
  13  0:15  Overlord  
  13  0:19  Drone  
  14  0:34  Drone x2  
  16  0:38  Drone  
  17  0:58  Hatchery  
  17  0:59  Drone  
  17  1:05  Drone, Extractor  
  17  1:13  Drone  
  18  1:26  Drone, Spawning Pool  
  18  1:45  Drone x2  
  20  1:53  Overlord  
  20  2:05  Drone  
  21  2:13  Metabolic Boost  
  21  2:14  Queen  
  21  2:15  Queen  
  25  2:22  Drone x2  
  27  2:36  Roach Warren  
  26  2:49  Zergling x2  
  26  2:50  Zergling x8  
  31  3:02  Overlord x2  
  31  3:08  Zergling x2  
  32  3:18  Zergling x4  
  34  3:21  Queen  
  36  3:34  Zergling x12  
  42  3:45  Overlord  
  42  3:48  Drone x2  
  42  3:49  Drone  
  44  3:59  Drone x3  
  47  4:13  Drone  
  47  4:14  Drone x4  
  52  4:20  Drone  
  46  4:32  Drone x6  
  52  4:41  Overlord  
  52  4:43  Extractor  
  52  4:44  Lair, Extractor  
  52  4:45  Extractor  
  49  4:51  Burrow  
  49  4:54  Drone x3  
  49  4:59  Overlord x2  
  52  5:22  Overlord  
  52  5:25  Drone x5  
  52  5:26  Evolution Chamber  
  57  5:50  Roach x6  
  70  6:04  Roach x5  
  76  6:12  Spine Crawler  
  76  6:13  Spine Crawler  
Tags
 
Add a new tag
Caveats
  • Supply blocks, unpowered buildings, or Contaminate may cause inaccurate times.
  • Supply counts are checked every 10 seconds.